XFBL
PHILADELPHIA PHILLIES @ LOS ANGELES DODGERS
04/27/1982
 
TOP OF THE 1ST
Philadelphia Phillies batting - Pitching for Los Angeles Dodgers : RHP Nick Williams
Pitching: RHP Nick Williams
Batting: RHB Andy Ramirez 0-0: Called Strike
0-1: Swinging Strike
0-2: Ball
1-2: Strikes out swinging
Batting: RHB Paul Molitor 0-0: Foul Ball, location: 2F
0-1: SINGLE (Line Drive, 7S, EV 97.5 MPH)
Batting: LHB Tony Gwynn 0-0: Called Strike
0-1: Fly out, F9 (Flyball, 9S, EV 91.9 MPH)
Batting: RHB Candy Maldonado 0-0: Ball
Paul Molitor steals 2nd base
1-0: Called Strike
1-1: Ball
2-1: Foul Ball, location: 2F
2-2: Strikes out swinging
Top of the 1st over - 0 runs, 1 hit, 0 errors, 1 left on base; Philadelphia 0 - Los Angeles 0
BOTTOM OF THE 1ST
Los Angeles Dodgers batting - Pitching for Philadelphia Phillies : LHP Jon Matlack
Pitching: LHP Jon Matlack
Batting: RHB Billy Sample 0-0: Ball
1-0: Called Strike
1-1: Fly out, F9 (Line Drive, 9, EV 93.8 MPH)
Batting: RHB Carney Lansford 0-0: Ground out 4-3 (Groundball, 4M, EV 105.0 MPH)
Batting: RHB Dick Davis 0-0: Swinging Strike
0-1: Fly out, F7 (Flyball, 7D, EV 96.9 MPH)
Bottom of the 1st over - 0 runs, 0 hits, 0 errors, 0 left on base; Philadelphia 0 - Los Angeles 0
TOP OF THE 2ND
Philadelphia Phillies batting - Pitching for Los Angeles Dodgers : RHP Nick Williams
Batting: LHB Ken Phelps 0-0: Ball
1-0: SOLO HOME RUN (Flyball, 7LD, EV 107.5 MPH), Distance : 356 ft
Batting: RHB Andre Dawson 0-0: Ball
1-0: Called Strike
1-1: Ball
2-1: Swinging Strike
2-2: Strikes out swinging
Batting: LHB Lou Whitaker 0-0: Called Strike
0-1: Foul Ball, location: 2F
0-2: Ball
1-2: Ball
2-2: SINGLE (Line Drive, 7S, EV 85.6 MPH)
Batting: RHB Jody Davis 0-0: Called Strike
0-1: Ball
1-1: Ball
2-1: Called Strike
2-2: Ball
3-2: Foul Ball, location: 2F
3-2: Foul Ball, location: 2F
3-2: Foul Ball, location: 2F
3-2: Ground out 5-3 (Groundball, 5, EV 103.8 MPH)
Lou Whitaker to second
Batting: LHB Jon Matlack 0-0: Called Strike
0-1: Foul Ball, location: 2F
0-2: Ball
1-2: Foul Ball, location: 2F
1-2: Strikes out swinging
Top of the 2nd over - 1 run, 2 hits, 0 errors, 1 left on base; Philadelphia 1 - Los Angeles 0
BOTTOM OF THE 2ND
Los Angeles Dodgers batting - Pitching for Philadelphia Phillies : LHP Jon Matlack
Batting: RHB Jerry Keller 0-0: Called Strike
0-1: Foul Ball, location: 2F
0-2: Fly out, F7 (Flyball, 7LS, EV 95.0 MPH)
Batting: RHB Gary Gaetti 0-0: Ball
1-0: Fly out, F9 (Flyball, 9S, EV 88.1 MPH)
Batting: RHB Toby Harrah 0-0: Ball
1-0: Called Strike
1-1: Foul Ball, location: 2F
1-2: Ball
2-2: Foul Ball, location: 2F
2-2: Ball
3-2: SINGLE (Groundball, 6MD, EV 103.1 MPH)
Batting: SHB Chris W Smith 0-0: Called Strike
0-1: Called Strike
Toby Harrah is caught stealing 2nd base 2-4
Bottom of the 2nd over - 0 runs, 1 hit, 0 errors, 0 left on base; Philadelphia 1 - Los Angeles 0
TOP OF THE 3RD
Philadelphia Phillies batting - Pitching for Los Angeles Dodgers : RHP Nick Williams
Batting: RHB Andy Ramirez 0-0: Called Strike
0-1: TRIPLE (Flyball, 89XD, EV 108.1 MPH)
Batting: RHB Paul Molitor 0-0: Foul Ball, location: 2F
0-1: Ball
1-1: Ball
2-1: Swinging Strike
2-2: Fly out, F8 (Line Drive, 8LD, EV 95.6 MPH)
Runner from 3rd tags up, SCORES, no throw by CF
Batting: LHB Tony Gwynn 0-0: SINGLE (Line Drive, 78M, EV 97.5 MPH)
Batting: RHB Candy Maldonado 0-0: Called Strike
Tony Gwynn steals 2nd base
0-1: Fly out, F7 (Line Drive, 78M, EV 95.6 MPH)
Batting: LHB Ken Phelps 0-0: Called Strike
0-1: Ball
1-1: Ball
2-1: Foul Ball, location: 2F
2-2: Foul Ball, location: 2F
2-2: Ground out 6-3 (Groundball, 6M, EV 86.3 MPH)
Top of the 3rd over - 1 run, 2 hits, 0 errors, 1 left on base; Philadelphia 2 - Los Angeles 0
BOTTOM OF THE 3RD
Los Angeles Dodgers batting - Pitching for Philadelphia Phillies : LHP Jon Matlack
Batting: SHB Chris W Smith 0-0: Called Strike
0-1: Fly out, F8 (Flyball, 78D, EV 91.3 MPH)
Batting: RHB Roberto Reyes 0-0: Called Strike
0-1: Fly out, F7 (Flyball, 7D, EV 93.1 MPH)
Batting: RHB Nick Williams 0-0: Ground out U3 (Groundball, 34S, EV 89.4 MPH)
Bottom of the 3rd over - 0 runs, 0 hits, 0 errors, 0 left on base; Philadelphia 2 - Los Angeles 0
TOP OF THE 4TH
Philadelphia Phillies batting - Pitching for Los Angeles Dodgers : RHP Nick Williams
Batting: RHB Andre Dawson 0-0: Called Strike
0-1: Ground out 6-3 (Groundball, 56D, EV 104.4 MPH)
Batting: LHB Lou Whitaker 0-0: Fly out, F9 (Flyball, 89D, EV 93.8 MPH)
Batting: RHB Jody Davis 0-0: Ball
1-0: Ball
2-0: SINGLE (Flyball, 5D, EV 90.0 MPH)
Batting: LHB Jon Matlack 0-0: Swinging Strike
0-1: Swinging Strike
0-2: Ball
1-2: Foul Ball, location: 2F
1-2: Ball
2-2: Strikes out looking
Top of the 4th over - 0 runs, 1 hit, 0 errors, 1 left on base; Philadelphia 2 - Los Angeles 0
BOTTOM OF THE 4TH
Los Angeles Dodgers batting - Pitching for Philadelphia Phillies : LHP Jon Matlack
Batting: RHB Billy Sample 0-0: Ball
1-0: Ball
2-0: Ball
3-0: Called Strike
3-1: Base on Balls
Batting: RHB Carney Lansford 0-0: Ball
1-0: Fly out, F3 (Popup, 3F, EV 76.3 MPH)
Batting: RHB Dick Davis 0-0: Called Strike
0-1: Ball
1-1: Ball
2-1: Foul Ball, location: 2F
2-2: Strikes out swinging
Batting: RHB Jerry Keller 0-0: Ball
1-0: Fly out, F8 (Flyball, 8LM, EV 82.5 MPH)
Bottom of the 4th over - 0 runs, 0 hits, 0 errors, 1 left on base; Philadelphia 2 - Los Angeles 0
TOP OF THE 5TH
Philadelphia Phillies batting - Pitching for Los Angeles Dodgers : RHP Nick Williams
Batting: RHB Andy Ramirez 0-0: Ball
1-0: Ball
2-0: Reached on error, E6 (Groundball, 6, EV 81.3 MPH)
Batting: RHB Paul Molitor 0-0: Ball
1-0: Swinging Strike
1-1: Ground out 5-3 (Groundball, 5S, EV 64.4 MPH)
Andy Ramirez to third
Batting: LHB Tony Gwynn 0-0: Swinging Strike
0-1: Swinging Strike
0-2: Strikes out swinging
Batting: RHB Candy Maldonado 0-0: Ball
1-0: Ball
2-0: Foul Ball, location: 2F
2-1: Ball
3-1: Base on Balls
Batting: LHB Ken Phelps 0-0: Ball
1-0: Called Strike
1-1: Ground out 6-3 (Groundball, 56, EV 105.0 MPH)
Top of the 5th over - 0 runs, 0 hits, 1 error, 2 left on base; Philadelphia 2 - Los Angeles 0
BOTTOM OF THE 5TH
Los Angeles Dodgers batting - Pitching for Philadelphia Phillies : LHP Jon Matlack
Batting: RHB Gary Gaetti 0-0: Foul Ball, location: 2F
0-1: Ball
1-1: Called Strike
1-2: Ball
2-2: SINGLE (Line Drive, 6M, EV 105.6 MPH)
Batting: RHB Toby Harrah 0-0: Ball
Gary Gaetti is caught stealing 2nd base 2-4
1-0: Ball
2-0: Fly out, F8 (Line Drive, 8LD, EV 97.5 MPH)
Batting: SHB Chris W Smith 0-0: Ball
1-0: Foul Ball, location: 2F
1-1: Swinging Strike
1-2: SOLO HOME RUN (Flyball, 78XD, EV 105.6 MPH), Distance : 430 ft
Batting: RHB Roberto Reyes 0-0: Called Strike
0-1: Foul Ball, location: 2F
0-2: Ball
1-2: Ball
2-2: SINGLE (Groundball, 6MD, EV 98.1 MPH)
Batting: RHB Nick Williams 0-0: Ball
1-0: Swinging Strike
1-1: Foul Ball, location: 2F
1-2: Strikes out swinging
Bottom of the 5th over - 1 run, 3 hits, 0 errors, 1 left on base; Philadelphia 2 - Los Angeles 1
TOP OF THE 6TH
Philadelphia Phillies batting - Pitching for Los Angeles Dodgers : RHP Nick Williams
Batting: RHB Andre Dawson 0-0: Called Strike
0-1: Called Strike
0-2: Ball
1-2: Ball
2-2: Fly out, F8 (Line Drive, 8LD, EV 106.9 MPH)
Batting: LHB Lou Whitaker 0-0: Ball
1-0: DOUBLE (Line Drive, 5D, EV 105.0 MPH)
Batting: RHB Jody Davis 0-0: Called Strike
0-1: Swinging Strike
0-2: Ball
1-2: Strikes out looking
Batting: LHB Jon Matlack 0-0: Ball
1-0: Foul Ball, location: 2F
1-1: Ground out 4-3 (Groundball, 4M, EV 85.0 MPH)
Top of the 6th over - 0 runs, 1 hit, 0 errors, 1 left on base; Philadelphia 2 - Los Angeles 1
BOTTOM OF THE 6TH
Los Angeles Dodgers batting - Pitching for Philadelphia Phillies : LHP Jon Matlack
Batting: RHB Billy Sample 0-0: Ball
1-0: Called Strike
1-1: Called Strike
1-2: Ball
2-2: Ball
3-2: Base on Balls
Batting: RHB Carney Lansford 0-0: Ball
Billy Sample steals 2nd base
1-0: Called Strike
1-1: Fly out, F7 (Line Drive, 7D, EV 106.3 MPH)
Runner from 2nd tags up, SAFE at 3rd, no throw by LF
Batting: RHB Dick Davis 0-0: Swinging Strike
0-1: Ball
1-1: Foul Ball, location: 2F
1-2: SINGLE (Groundball, 6MD, EV 109.4 MPH)
Billy Sample scores
Batting: RHB Jerry Keller 0-0: Called Strike
0-1: Foul Ball, location: 2F
0-2: Ball
1-2: Foul Ball, location: 2F
1-2: Ball
2-2: 2-RUN HOME RUN (Flyball, 7D, EV 102.5 MPH), Distance : 400 ft
Batting: RHB Gary Gaetti 0-0: Ball
1-0: Foul Ball, location: 2F
1-1: Ball
2-1: Ground out 6-3 (Groundball, 6, EV 87.5 MPH)
Batting: RHB Toby Harrah 0-0: Ball
1-0: SINGLE (Groundball, 56S, EV 75.0 MPH) (infield hit)
Batting: SHB Chris W Smith 0-0: Foul Ball, location: 2F
0-1: Swinging Strike
0-2: Ball
1-2: Ball
2-2: Ball
3-2: Base on Balls
Toby Harrah to second
Batting: RHB Roberto Reyes 0-0: Ball
1-0: Called Strike
1-1: Swinging Strike
1-2: SINGLE (Line Drive, 4M, EV 95.6 MPH)
Toby Harrah to third
Chris W Smith to second
Runner from 3rd tries for Home, SAFE, throw by CF to home
Batting: RHB Nick Williams 0-0: Ball
1-0: Foul Ball, location: 2F
1-1: SINGLE (Groundball, 3D, EV 108.8 MPH)
Chris W Smith to third
Roberto Reyes to second
Runner from 3rd tries for Home, SAFE, throw by RF to home
Roberto Reyes to third
Nick Williams to second
Pitching: LHP Christopher Mayo
Batting: RHB Billy Sample 0-0: Ball
1-0: Ball
2-0: Called Strike
2-1: Ball
3-1: Swinging Strike
3-2: Base on Balls
Batting: RHB Carney Lansford 0-0: Ball
1-0: Ball
2-0: Called Strike
2-1: Ball
3-1: Swinging Strike
3-2: Base on Balls
Roberto Reyes scores
Nick Williams to third
Billy Sample to second
Batting: RHB Dick Davis 0-0: Ball
1-0: Called Strike
1-1: Ball
2-1: Foul Ball, location: 2F
2-2: Strikes out swinging
Bottom of the 6th over - 6 runs, 5 hits, 0 errors, 3 left on base; Philadelphia 2 - Los Angeles 7
TOP OF THE 7TH
Philadelphia Phillies batting - Pitching for Los Angeles Dodgers : RHP Nick Williams
Batting: RHB Andy Ramirez 0-0: Ball
1-0: Ground out 4-3 (Groundball, 4M, EV 81.9 MPH)
Batting: RHB Paul Molitor 0-0: Ball
1-0: Foul Ball, location: 2F
1-1: Ball
2-1: Ball
3-1: Base on Balls
Batting: LHB Tony Gwynn 0-0: Ball
Paul Molitor steals 2nd base
1-0: Swinging Strike
1-1: Ball
2-1: Fly out, F8 (Flyball, 8RD, EV 91.9 MPH)
Runner from 2nd tags up, SAFE at 3rd with throw by CF
Batting: RHB Candy Maldonado 0-0: Ball
1-0: Swinging Strike
1-1: Ball
2-1: Ball
3-1: Foul Ball, location: 2F
3-2: Fly out, F9 (Flyball, 89S, EV 87.5 MPH)
Top of the 7th over - 0 runs, 0 hits, 0 errors, 1 left on base; Philadelphia 2 - Los Angeles 7
BOTTOM OF THE 7TH
Los Angeles Dodgers batting - Pitching for Philadelphia Phillies : LHP Christopher Mayo
Batting: RHB Jerry Keller 0-0: Swinging Strike
0-1: Foul Ball, location: 2F
0-2: Strikes out swinging
Batting: RHB Gary Gaetti 0-0: Ball
1-0: Ball
2-0: Single, Error in OF, E8, batter to second base (Groundball, 6MD, EV 95.6 MPH)
Batting: RHB Toby Harrah 0-0: Called Strike
Gary Gaetti is caught stealing 3rd base 2-5
0-1: Foul Ball, location: 2F
0-2: Foul Ball, location: 2F
0-2: Ball
1-2: Ball
2-2: Foul Ball, location: 2F
2-2: Strikes out swinging, 2-3 out at first.
Bottom of the 7th over - 0 runs, 1 hit, 1 error, 0 left on base; Philadelphia 2 - Los Angeles 7
TOP OF THE 8TH
Philadelphia Phillies batting - Pitching for Los Angeles Dodgers : RHP Nick Williams
Batting: LHB Ken Phelps 0-0: Called Strike
0-1: Ground out 4-3 (Groundball, 4M, EV 80.0 MPH)
Batting: RHB Andre Dawson 0-0: Called Strike
0-1: Ball
1-1: Swinging Strike
1-2: Ball
2-2: Foul Ball, location: 2F
2-2: Strikes out swinging
Batting: LHB Lou Whitaker 0-0: Ball
1-0: Foul Ball, location: 2F
1-1: Swinging Strike
1-2: Foul Ball, location: 2F
1-2: Ground out U3 (Groundball, 34S, EV 85.6 MPH)
Top of the 8th over - 0 runs, 0 hits, 0 errors, 0 left on base; Philadelphia 2 - Los Angeles 7
BOTTOM OF THE 8TH
Los Angeles Dodgers batting - Pitching for Philadelphia Phillies : LHP Christopher Mayo
Batting: SHB Chris W Smith 0-0: Fly out, F8 (Flyball, 8LS, EV 91.3 MPH)
Batting: RHB Roberto Reyes 0-0: Ground out 5-3 (Groundball, 56S, EV 81.9 MPH)
Pinch Hitting: RHB Mike Shelton 0-0: Foul Ball, location: 2F
0-1: Foul Ball, location: 2F
0-2: Ball
1-2: Fly out, F7 (Flyball, 7D, EV 83.8 MPH)
Bottom of the 8th over - 0 runs, 0 hits, 0 errors, 0 left on base; Philadelphia 2 - Los Angeles 7
TOP OF THE 9TH
Philadelphia Phillies batting - Pitching for Los Angeles Dodgers : RHP Nick Williams
Pitching: RHP Steve Foucault
Batting: RHB Jody Davis 0-0: Called Strike
0-1: Swinging Strike
0-2: Fly out, F3 (Flyball, 3D, EV 86.3 MPH)
Pinch Hitting: LHB Terry Bogener 0-0: Ball
1-0: Ground out U3 (Groundball, 34S, EV 85.6 MPH)
Batting: RHB Andy Ramirez 0-0: Ball
1-0: Ball
2-0: Ball
3-0: TRIPLE (Flyball, 78XD, EV 93.8 MPH)
Batting: RHB Paul Molitor 0-0: Swinging Strike
0-1: Ball
1-1: Ground out 5-3 (Groundball, 56S, EV 66.3 MPH)
Top of the 9th over - 0 runs, 1 hit, 0 errors, 1 left on base; Philadelphia 2 - Los Angeles 7
Thursday, July 23rd, 2020 - OOTP Baseball 21.5 Build 71